 Dungeon Crawl Stone Soup version 0.29-a0-472-ge5599a681e (webtiles) character file.

Game seed: 10889585676399543338

45 greenreed the Vexing (level 3, -2/26 HPs)
             Began as a Hill Orc Enchanter on May 22, 2022.
             Slain by a goblin
             ... wielding a +0 club
             ... led by Robin
              (3 damage)
             ... on level 3 of the Dungeon.
             The game lasted 00:02:36 (1732 turns).

greenreed the Vexing (Hill Orc Enchanter)           Turns: 1732, Time: 00:02:37

Health: -2/26      AC:  7    Str: 10    XL:     3   Next: 64%
Magic:  5/5        EV: 12    Int: 17    God:
Gold:   39         SH:  0    Dex: 11    Spells: 3/5 levels left

rFire   . . .      SeeInvis .   n - +0 short sword (drain)
rCold   . . .      Faith    .   (no shield)
rNeg    . . .      Spirit   .   b - +0 robe
rPois   .          Reflect  .   (no helmet)
rElec   .          Harm     .   (no cloak)
rCorr   .          Rampage  .   k - +0 pair of gloves
Will    .....                   (no boots)
Stlth   ++........              (no amulet)
HPRegen 0.08/turn               f - +4 ring of protection
MPRegen 0.09/turn               (no ring)

@: invisible
A: no striking features
a: no special abilities


You were on level 3 of the Dungeon.
You visited 1 branch of the dungeon, and saw 3 of its levels.

You collected 39 gold pieces.

Inventory:

Hand Weapons
 a - a +1 dagger
 n - a +0 short sword of draining (weapon)
Missiles
 d - 6 poisoned darts (quivered)
Armour
 b - a +0 robe (worn)
 k - a +0 pair of gloves (worn)
Jewellery
 f - a +4 ring of protection (left hand)
Scrolls
 e - a scroll of brand weapon {unknown}
 g - 5 scrolls of teleportation {unknown}
 l - a scroll of identify {unknown}
Potions
 c - 2 potions of invisibility
 h - a potion of might {unknown}
 i - 2 potions of cancellation {unknown}
 j - a potion of mutation {unknown}
 m - a potion of resistance {unknown}


   Skills:
 + Level 0.3 Fighting
 + Level 1.4 Short Blades
 + Level 1.7 Dodging
 + Level 2.6 Stealth
 + Level 1.8 Spellcasting
 + Level 3.8 Hexes


You had 3 spell levels left.
You knew the following spells:

 Your Spells              Type           Power      Damage    Failure   Level
a - Ensorcelled Hibernat  Hex/Ice        16%        N/A       14%         2

Your spell library contained the following spells:

 Spells                   Type           Power      Damage    Failure   Level
 Confusing Touch          Hex            14%        N/A       12%         3
 Tukima's Dance           Hex            14%        N/A       12%         3
 Dazzling Flash           Conj/Hex       16%        N/A       26%         3


Dungeon Overview and Level Annotations

Branches:
Dungeon (3/15)

Altars:

Annotations:
D:2 Robin


Message History

You hit the goblin.
You kill the goblin!
The goblin hits you but does no damage.
You hit the goblin.
The goblin is heavily wounded.
You hit the goblin but do no damage. You drain the goblin.
You kill the goblin!
The bat hits you but does no damage. Robin misses you.
You hit the hobgoblin.
The hobgoblin is severely wounded.
Robin hits you but does no damage. The hobgoblin hits you.
You hit the hobgoblin.
You kill the hobgoblin!
The bat completely misses you.
Robin hits you from afar with a +0 spear of flaming.
Robin burns you. Robin throws the goblin at you!
You barely miss the goblin. The goblin hits you with a +0 dagger.
The goblin barely misses you. Robin barely misses you.
The goblin hits you with a +0 club. The goblin closely misses you.
You closely miss the goblin. The goblin hits you with a +0 dagger.
The goblin hits you with a +0 club.
You can't go up here!
The goblin hits you with a +0 dagger.
* * * LOW HITPOINT WARNING * * *
The goblin closely misses you.
You climb downwards.
There is a stone staircase leading up, spattered with blood here.
Things that are here:
a +0 club; a goblin corpse You hit the goblin.
You kill the goblin!
The goblin closely misses you.
You closely miss the goblin. The goblin hits you with a +0 club.
* * * LOW HITPOINT WARNING * * *
You completely miss the goblin. The goblin hits you with a +0 club.
* * * LOW HITPOINT WARNING * * *
You fade into invisibility!
The goblin hits you with a +0 club.
You die...

#. ######.#
......#
#.....#
#.....#
#####.....#
#.........#
# #<# #.#@#
#.g)#
##....#
....###
#.###..
...#)#..
#...###...
#>#.....#.
#.####.##.#


You could see a goblin (strong, can't see you).

Vanquished Creatures
  2 dart slugs
  2 ball pythons (D:1)
  3 bats (D:1)
  An endoplasm (D:1)
  3 giant cockroaches (D:1)
  12 goblins
  4 hobgoblins
  3 jackals (D:1)
  2 kobolds (D:1)
  2 frilled lizards (D:3)
34 creatures vanquished.

Notes
Turn   | Place    | Note
-------+----------+-------------------------------------------
     0 | D:1      | greenreed the Hill Orc Enchanter began the quest for the
                  | Orb.
     0 | D:1      | Reached XP level 1. HP: 14/14 MP: 3/3
    68 | D:1      | Found a faded altar of an unknown god.
   105 | D:1      | Reached XP level 2. HP: 11/20 MP: 4/4
   108 | D:1      | Learned a level 2 spell: Ensorcelled Hibernation
   679 | D:1      | Reached XP level 3. HP: 13/26 MP: 5/5
  1480 | D:2      | Noticed Robin
  1731 | D:3      | HP: 1/26 [goblin/+0 club[Robin] (3)]
  1732 | D:3      | Slain by a goblin

Illustrated notes

Levels and vault maps discovered:
D:1:      wander_arrival_lonely_grave, layout_basic, basic_ecumenical_altar
D:2:      layout_basic, uniq_robin
D:3:      wad_crossroads, layout_loops_ring, corexii_hall_statues_x,
          item_on_display_a

Action                   || total
-------------------------++-------
Melee: Dagger            ||    70
       Short sword       ||    33
  Use: Potion            ||     1
 Stab: Sleeping          ||     5
Armor: Robe              ||    43
Dodge: Dodged            ||    93

Table legend: (Time is in decaauts)
 A = Elapsed time spent in this place.
 B = Non-inter-level travel time spent in this place.
 C = Inter-level travel time spent in this place.
 D = Time resting spent in this place.
 E = Time spent auto-exploring this place.
 F = Levels seen in this place.
 G = Mean time per level.
                   A        B        C        D        E       F      G
               +--------+--------+--------+--------+--------+-----+--------+
         Total |   1729 |   1688 |     41 |    194 |   1251 |   3 |  576.3 |
       Dungeon |   1729 |   1688 |     41 |    194 |   1251 |   3 |  576.3 |
               +--------+--------+--------+--------+--------+-----+--------+

Top non-repeatable levels by time:
     D:1: 1454 daAuts
     D:3: 226 daAuts
     D:2: 49 daAuts
